 Dungeon Crawl Stone Soup version 0.29-a0-284-gf9362112df (webtiles) character file.

Game seed: 17598709036901158617

8280 spaghetti the Protected (level 11, -1/85 HPs)
             Began as a Djinni Berserker on Mar 26, 2022.
             Was an Elder of Trog.
             Slain by a wolf (6 damage)
             ... on level 1 of the Lair of Beasts.
             The game lasted 00:18:18 (12575 turns).

spaghetti the Protected (Djinni Berserker)         Turns: 12575, Time: 00:18:18

Health: -1/85      AC: 20    Str: 18 (20) XL:     11   Next: 52%
Gold:   499        EV:  9    Int: 14 (15) God:    Trog [****..] SH:  5 Dex: 12 (13)

rFire   + + .      SeeInvis .   L - +2 spear (distort) {!wpolearm}
rCold   . . .      Faith    .   (no shield)
rNeg    . . .      Spirit   .   E - +5 plate armour {rC+}
rPois   ∞          Reflect  +   (no helmet)
rElec   .          Harm     .   (no cloak)
rCorr   .          Rampage  .   (no gloves)
Will    +++..                   (boots unavailable)
Stlth   ..........              v - amulet of reflection
HPRegen 1.24/turn               s - +4 ring of protection
MPRegen 0.00/turn               x - +6 ring of intelligence

@: strong-willed, on berserk cooldown, flying, regenerating, studying Armour
A: sickness immunity, fire resistance 2, cold vulnerability 1, float, innate
caster, HP casting, extra vitality 1, deformed body, shaggy fur 1
a: Renounce Religion, Berserk, Trog's Hand, Brothers in Arms


You were on level 1 of the Lair of Beasts.
You worshipped Trog.
Trog was greatly pleased with you.
You visited 2 branches of the dungeon, and saw 11 of its levels.
You visited the Abyss 1 time.

You collected 499 gold pieces.


Innate Abilities, Weirdness & Mutations

You are immune to sickness and miasma.
You are immune to poison.
Your flesh is very heat resistant. (rF++)
You are vulnerable to cold. (rC-)
You float through the air rather than walking.
You learn spells naturally, not from books.
Your magical power is your life essence.
You have superior vitality. (+4 MHP)
Armour fits poorly on your strangely shaped body.
You are covered in fur. (AC +1)


   Skills:
 + Level 10.2 Fighting
 - Level 12.0 Armour
 + Level 10.8 Dodging
 - Level 3.8 Unarmed Combat


You couldn't memorise any spells.
You knew the following spells:

 Your Spells              Type           Power      Damage    Failure   Level
a - Freeze                Ice            0%         1d3       99%         1
b - Call Imp              Summ           0%         N/A       100%        2
c - Stone Arrow           Conj/Erth      0%         3d7       100%        3
d - Spider Form           Tmut/Pois      0%         N/A       100%        3
e - Fireball              Conj/Fire      0%         3d3       100%        5
Your spell library was empty.

Inventory:

Hand Weapons
 q - a +1 dagger of venom {short}
   (You took it off a kobold on level 3 of the Dungeon)
 I - a +0 dagger {short}
   (You took it off a kobold brigand on level 5 of the Dungeon)
 L - a +2 spear of distortion (weapon) {!wpolearm}
   (You took it off a gnoll on level 7 of the Dungeon)
Missiles
 b - 325 stones (quivered) {throwing}
 i - a boomerang {throwing}
 j - 47 poisoned darts {throwing}
 y - 2 throwing nets {=f!fthrowing}
 H - 4 curare-tipped darts {=fthrowing}
Armour
 a - a +0 animal skin
 e - a +1 ring mail
   (You found it on level 1 of the Dungeon)
 E - a +5 plate armour of cold resistance (worn)
   (You took it off an orc warrior on level 7 of the Dungeon)
Magical Staves
 n - a staff of poison {forbidden!astaff}
   (You found it on level 2 of the Dungeon)
 D - a staff of fire {forbidden!astaff}
   (You found it on level 5 of the Dungeon)
Jewellery
 g - a ring of fire
   (You found it on level 1 of the Dungeon)
 s - a +4 ring of protection (left hand)
   (You found it on level 3 of the Dungeon)
 v - an amulet of reflection (around neck)
   (You found it on level 3 of the Dungeon)
 x - a +6 ring of intelligence (right hand)
   (You found it on level 3 of the Dungeon)
Wands
 k - a wand of charming (3)
   (You found it on level 1 of the Lair of Beasts)
 o - a wand of polymorph (25)
   (You found it on level 2 of the Dungeon)
 r - a wand of flame (25)
   (You found it on level 3 of the Dungeon)
 t - a wand of iceblast (9)
   (You found it on level 3 of the Dungeon)
 w - a wand of mindburst (17)
   (You found it on level 3 of the Dungeon)
 B - a wand of acid (6)
   (You found it on level 5 of the Dungeon)
Scrolls
 d - 2 scrolls of amnesia
 f - 4 scrolls of teleportation {@r4}
 h - a scroll of silence {!r}
 l - a scroll of magic mapping {!r}
 F - a scroll of immolation {!r!r}
 J - a scroll of holy word
Potions
 c - 3 potions of attraction {!q}
 u - a potion of resistance
 G - 2 potions of degeneration {!q@e2}
 M - 2 potions of mutation {!q}

Dungeon Overview and Level Annotations

Branches:
Dungeon (10/15)            Temple (0/1) D:7            Lair (1/6) D:9
    Orc: D:9-12

Altars:
Cheibriados
Gozag
Kikubaaqudgha
Okawaru
Trog
Uskayaw
Vehumet
Wu Jian
Xom
Yredelemnul
The Shining One

Shops:
D:1 (   D:3 * #........ ###........ ......... ...♣h... . hhhhh♣ ###..... #hhh#

#......h##hhh#
#.....hhh@hh#
#.....h###h##
#......# #.#
#......###.## ###
#....#.##..#.....
#................
##.....###.##.....
#.....## ### .....
##....# ....


You could see 20 wolves.


Message History

The wolf stops to sniff the ground.
The wolf bites you.
* * * LOW HITPOINT WARNING * * *
The wolf barely misses you.
The wolf bites you but does no damage. x8
The wolf bites you.
* * * LOW HITPOINT WARNING * * *
The wolf bites you but does no damage. x3 😱 HP[-2]
You take 2 damage, and now have 31/127 hp.
You nearly hit yourself!
The wolf bites you but does no damage. x3
The wolf barely misses you.
The wolf bites you but does no damage. x2
The wolf pauses to sniff the ground.
The wolf bites you but does no damage. x5 😨 HP[+7]
You regained 7 hp, and now have 38/127 hp.
You miss the wolf.
You feel less invigorated.
You feel less confused.
The wolf bites you but does no damage. x3; The wolf barely misses you.
The wolf pauses to sniff the ground.
The wolf bites you but does no damage. x4; The wolf bites you.
* * * LOW HITPOINT WARNING * * *
The wolf bites you but does no damage.
The wolf pauses to sniff the ground.
The wolf bites you but does no damage. You block the wolf's attack. x2
The wolf bites you.
* * * LOW HITPOINT WARNING * * *
The wolf bites you but does no damage. 😨 HP[+1]
You feel better.
The wolf bites you but does no damage. x2
The wolf barely misses you. You block the wolf's attack.
The wolf stops to sniff the ground.
The wolf bites you but does no damage.
The wolf stops to sniff the ground.
You block the wolf's attack. The wolf barely misses you.
The wolf bites you but does no damage. x7 😨 HP[+6]
You regained 6 hp, and now have 45/127 hp.
Okay, then.
The wolf howls!
You hit the wolf.
Space warps horribly around the wolf!
Your punch misses the wolf. You block the wolf's attack.
The wolf bites you but does no damage. x2; The wolf barely misses you.
The wolf bites you!
* * * LOW HITPOINT WARNING * * *
The wolf bites you but does no damage. The wolf bites you.
* * * LOW HITPOINT WARNING * * *
The wolf bites you but does no damage. The wolf bites you.
* * * LOW HITPOINT WARNING * * *
The wolf barely misses you. The wolf bites you.
* * * LOW HITPOINT WARNING * * *
😱 HP[-14]
You take 14 damage, and now have 31/127 hp.
Unknown command.
You fail to use your ability.
You block the wolf's attack. The wolf bites you.
* * * LOW HITPOINT WARNING * * *
The wolf bites you.
* * * LOW HITPOINT WARNING * * *
The wolf bites you!
* * * LOW HITPOINT WARNING * * *
The wolf bites you but does no damage. x2; The wolf completely misses you.
The wolf bites you but does no damage. x3; The wolf bites you.
* * * LOW HITPOINT WARNING * * *
The wolf bites you but does no damage. The wolf bites you.
* * * LOW HITPOINT WARNING * * *
The wolf bites you but does no damage. 😱 HP[-20]
You take 20 damage, and now have 11/127 hp.
Your skin crawls.
You feel strong-willed. The wolf bites you but does no damage.
The wolf bites you.
* * * LOW HITPOINT WARNING * * *
The wolf bites you but does no damage. x7; The wolf bites you.
* * * LOW HITPOINT WARNING * * *
You block the wolf's attack. x2; The wolf bites you but does no damage. 😱 HP[-5]
You take 5 damage, and now have 6/127 hp.
Unknown command.
Unknown command.
Okay, then.
You feel better.
Your transformation is almost over.
The wolf bites you but does no damage. x3; The wolf barely misses you.
The wolf bites you but does no damage. x3; You block the wolf's attack.
The wolf bites you but does no damage. x5 😱 HP[+7]
You regained 7 hp, and now have 13/127 hp.
Your magical effects are unravelling.
You feel magically purged.
You feel less wooden.
Your +5 plate armour of cold resistance unmelds from your body.
You feel resistant to cold.
You feel yourself speed up.
You feel a little less clever now. The wolf bites you but does no damage.
The wolf barely misses you. The wolf bites you but does no damage.
You block the wolf's attack. The wolf closely misses you.
The wolf barely misses you. The wolf closely misses you. The wolf bites you.
* * * LOW HITPOINT WARNING * * *
The wolf bites you.
You die...

Skill      XL: |  1  2  3  4  5  6  7  8  9 10 11 |
---------------+----------------------------------+-----
Dodging        | 3 4 6 8 10 | 10.8
Fighting       | 4 6 8 9 10 | 10.2
Armour         | 3 5 7 9 12 | 12.0
Unarmed Combat | |  3.8

Action                   |  1- 3 |  4- 6 |  7- 9 | 10-12 || total
-------------------------+-------+-------+-------+-------++-------
Melee: Unarmed           |   101 |    62 |       |       ||   163
       Punch             |     2 |     5 |    13 |    11 ||    31
       Dagger            |       |   121 |   317 |    68 ||   506
       Spear             |       |       |       |   312 ||   312
Throw: Stone             |       |       |     2 |     8 ||    10
Invok: Berserk           |     6 |     4 |    12 |    10 ||    32
       Trog's Hand       |       |       |     1 |     2 ||     3
  Use: Scroll            |       |       |     6 |    12 ||    18
       Potion            |       |       |       |    16 ||    16
Armor: Animal skin       |    22 |       |       |       ||    22
       Ring mail         |    14 |    72 |   176 |    25 ||   287
       Plate armour      |       |       |       |   237 ||   237
       Skin              |       |       |       |   157 ||   157
Dodge: Dodged            |    73 |    94 |   274 |   267 ||   708
Block: Other             |       |    22 |    96 |   142 ||   260
       Reflection        |       |       |     3 |     9 ||    12

Levels and vault maps discovered:
D:1:      dpeg_arrival_rhombus, layout_basic, basic_ecumenical_altar,
          serial_shops, shop, chequers_serial_rivers_micro_b
D:2:      layout_basic, minmay_tiny_reverse_x
D:3:      layout_loops_corners, nicolae_vehumet_altar_sigil,
          lemuel_doored_altar, serial_shops, shop, serial_glass,
          glass_columns_b, glass_columns_a, glass_columns_b
D:4:      layout_loops_ring, uniq_blork_the_orc
D:5:      layout_loops_ring, mainiacjoe_overflow_24_doors,
          nicolae_tso_besieged_by_evil, lemuel_crystal_altar
D:6:      kennysheep_big_flooded_room, layout_rooms,
          lemuel_coloured_pillars_altar, portal_sewer_entry_e
D:7:      layout_loops_ring, mainiacjoe_overflow_boulevard,
          nicolae_wu_jian_immortal_techniques, xom_redecorated,
          minmay_temple_entry_crystal_x, kennysheep_opposing_triangles
D:8:      layout_basic, old_standard_altar, lemuel_zombie_altar_kikubaaqudgha,
          enter_bailey_2, minmay_manual_mares
D:9:      layout_grid_maze, dpeg_oklobed_lair
D:10:     layout_basic, nicolae_overflow_crystal_walls,
          kennysheep_orc_monster_closet_entryway, gammafunk_ghost_hydra_chop,
          minmay_increasing_density, uniq_erolcha
Lair:1:   layout_gridlike, hellmonk_ghost_happy_afterlife,
          grunt_forest_large_clearings, lemuel_fruit_tree

Notes
Turn   | Place    | Note
-------+----------+-------------------------------------------
     0 | D:1      | spaghetti the Djinni Berserker began the quest for the Orb.
     0 | D:1      | Reached XP level 1. HP: 20/20 MP: 0/0
     0 | D:1      | magus.rc [v1.9.6]
    39 | D:1      | HP: 5/20 [giant cockroach (1)]
    42 | D:1      | Reached XP level 2. HP: 6/25 MP: 0/0
   302 | D:1      | Found Voicuisk's Antique Weapon Shop.
   438 | D:1      | Reached XP level 3. HP: 10/30 MP: 0/0
   438 | D:1      | Learned a level 1 spell: Freeze
   701 | D:1      | Found a faded altar of an unknown god.
  1138 | D:1      | Reached skill level 3 in Dodging
  1511 | D:2      | Reached XP level 4. HP: 35/35 MP: 0/0
  1511 | D:2      | Reached ** piety under Trog
  2374 | D:3      | Found Omurcheag's Assorted Antiques.
  2475 | D:3      | Found an opulent altar of Gozag.
  2644 | D:3      | Reached XP level 5. HP: 41/41 MP: 0/0
  2644 | D:3      | Learned a level 2 spell: Call Imp
  2856 | D:3      | Reached skill level 4 in Fighting
  3442 | D:4      | Noticed Blork the orc
  3448 | D:4      | Killed Blork the orc
  3449 | D:4      | Reached skill level 4 in Dodging
  3449 | D:4      | Reached XP level 6. HP: 48/48 MP: 0/0
  3505 | D:4      | Reached skill level 3 in Armour
  4121 | D:5      | Entered Level 5 of the Dungeon
  4142 | D:5      | Reached XP level 7. HP: 53/53 MP: 0/0
  4142 | D:5      | Learned a level 3 spell: Stone Arrow
  4249 | D:5      | Noticed a two-headed ogre
  4481 | D:5      | HP: 10/79 [two-headed ogre/+0 giant club (12)]
  4491 | D:5      | Killed a two-headed ogre
  4492 | D:5      | Reached skill level 6 in Fighting
  4492 | D:5      | Reached skill level 5 in Armour
  4492 | D:5      | Reached skill level 6 in Dodging
  4492 | D:5      | Reached XP level 8. HP: 10/61 MP: 0/0
  4922 | D:5      | Found a basalt altar of Yredelemnul.
  5215 | D:5      | Found a glowing golden altar of the Shining One.
  5461 | D:5      | Found a snail-covered altar of Cheibriados.
  5720 | D:6      | Reached XP level 9. HP: 67/67 MP: 0/0
  5720 | D:6      | Learned a level 3 spell: Spider Form
  5794 | D:6      | Reached *** piety under Trog
  5807 | D:6      | Reached skill level 6 in Armour
  5807 | D:6      | Reached skill level 7 in Dodging
  5929 | D:6      | Reached skill level 7 in Fighting
  6258 | D:6      | Found an iron altar of Okawaru.
  6551 | D:5      | HP: 16/68 [something (8)]
  6552 | D:5      | Killed an unseen horror
  6822 | D:6      | HP: 17/68 [something (7)]
  6827 | D:6      | HP: 22/102 [something (1)]
  6830 | D:6      | HP: 6/68 [something (4)]
  7167 | D:6      | HP: 13/68 [something (8)]
  7168 | D:6      | Killed an unseen horror
  7169 | D:6      | Reached skill level 7 in Armour
  7169 | D:6      | Reached skill level 8 in Dodging
  7794 | D:6      | Reached skill level 8 in Fighting
  8012 | D:7      | Reached XP level 10. HP: 47/76 MP: 0/0
  8304 | D:7      | Found a shimmering altar of Xom.
  8304 | D:7      | Found a shimmering altar of Xom.
  8306 | D:7      | Found a shimmering altar of Xom.
  8307 | D:7      | Found a shimmering altar of Xom.
  8426 | D:7      | You are cast into the Abyss!
  8426 | D:7      | Cast into level 1 of the Abyss (gnoll)
  8443 | D:7      | You pass through the gate.
  8443 | D:7      | Escaped the Abyss
  8514 | D:7      | Found a hide-covered altar of Uskayaw.
  8954 | D:7      | Found a staircase to the Ecumenical Temple.
  8981 | D:7      | Reached skill level 9 in Dodging
  8982 | D:7      | Reached skill level 8 in Armour
  9121 | D:7      | Found an ornate altar of the Wu Jian Council.
  9402 | D:8      | HP: 18/77 [wyvern (11)]
  9616 | D:8      | Reached skill level 9 in Fighting
  9741 | D:8      | Found a bloodstained altar of Trog.
  9762 | D:8      | Found a flagged portal.
 10479 | D:9      | Reached skill level 9 in Armour
 10491 | D:9      | Reached skill level 10 in Dodging
 10684 | D:9      | Reached XP level 11. HP: 84/84 MP: 0/0
 10684 | D:9      | Learned a level 5 spell: Fireball
 10865 | D:9      | Reached skill level 10 in Armour
 10883 | D:9      | Reached **** piety under Trog
 11108 | D:9      | Reached skill level 11 in Armour
 11288 | D:9      | Found a staircase to the Lair.
 11957 | D:10     | Entered Level 10 of the Dungeon
 11969 | D:10     | Reached skill level 10 in Fighting
 11985 | D:9      | HP: 20/85 [centaur (5)]
 12144 | Lair:1   | Entered Level 1 of the Lair of Beasts
 12546 | Lair:1   | Reached skill level 12 in Armour
 12559 | Lair:1   | HP: 31/127 [wolf (8)]
 12564 | Lair:1   | Gained mutation: You are covered in fur. (AC +1) [potion of
                  | mutation]
 12564 | Lair:1   | Gained mutation: Armour fits poorly on your strangely
                  | shaped body. [potion of mutation]
 12564 | Lair:1   | HP: 24/127 [wolf (8)]
 12571 | Lair:1   | HP: 31/127 [wolf (2)]
 12572 | Lair:1   | HP: 11/127 [wolf (5)]
 12575 | Lair:1   | HP: 5/85 [wolf (5)]
 12575 | Lair:1   | Slain by a wolf

Vanquished Creatures
  A cane toad (Lair:1)
  2 unseen horrors
  A komodo dragon (Lair:1)
  12 yaks
  A water moccasin (D:7)
  A sky beast (D:5)
  4 orc warriors
  An ice beast (D:6)
  2 black bears
  2 ogres
  5 centaurs
  4 wolves (Lair:1)
  A phantom (D:5)
  6 kobold brigands
  Blork the orc (D:4)
  A bullfrog (D:7)
  2 necrophages
  A scorpion (D:6)
  4 killer bees (D:7)
  5 howler monkeys
  A hound (D:4)
  6 orc priests
  3 gnoll shamans
  An iguana (D:6)
  5 orc wizards
  8 gnolls
  11 adders
  A river rat (D:6)
  A shadow imp (D:4)
  3 ufetubi
  A worm (D:4)
  7 dart slugs
  32 orcs
  6 bats
  6 endoplasms
  7 giant cockroaches
  6 goblins
  10 hobgoblins
  8 jackals
  2 quokkas
  7 ball pythons
  4 frilled lizards
  2 goblin skeletons (D:5)
  2 goblin zombies (D:5)
  2 hobgoblin zombies (D:5)
  34 kobolds
  A kobold zombie (D:5)
  4 orc skeletons (D:5)
  5 rats
  A rat zombie (D:8)
244 creatures vanquished.

Vanquished Creatures (collateral kills)
  A two-headed ogre (D:5)
  An ogre (D:9)
  A centaur (D:9)
  An iguana (D:6)
  A gnoll (D:6)
  2 kobolds (D:6)
7 creatures vanquished.

Vanquished Creatures (others)
  2 fungi (D:9)
  A plant (D:9)
3 creatures vanquished.

Grand Total: 254 creatures vanquished

Table legend:
 A = Non-vault XP
 B = Vault XP
 C = Vault XP percentage of total XP
 D = Non-vault monster count
 E = Vault monster count
 F = Vault count percentage of total count
                 A         B        C        D         E       F
            +---------+---------+-------+---------+---------+-------
      Total |    9557 |    2272 |  19.2 |     223 |      38 |  14.6
            +---------+---------+-------+---------+---------+-------
        D:1 |      59 |       0 |   0.0 |      28 |       0 |   0.0
        D:2 |      56 |       4 |   6.7 |      22 |       2 |   8.3
        D:3 |      69 |       0 |   0.0 |      18 |       0 |   0.0
        D:4 |     136 |     108 |  44.3 |      17 |       2 |  10.5
        D:5 |    1428 |     392 |  21.5 |       8 |      12 |  60.0
        D:6 |     984 |     436 |  30.7 |      34 |       9 |  20.9
        D:7 |    1111 |     419 |  27.4 |      26 |       4 |  13.3
        D:8 |    1608 |     223 |  12.2 |      17 |       3 |  15.0
        D:9 |    2874 |     232 |   7.5 |      48 |       2 |   4.0
       D:10 |     386 |       0 |   0.0 |       2 |       0 |   0.0
     Lair:1 |     846 |     458 |  35.1 |       3 |       4 |  57.1
            +---------+---------+-------+---------+---------+-------

Illustrated notes

Table legend:
 A = Kills in this place as a percentage of kills in entire the game.
 B = Kills by you in this place as a percentage of kills by you in the entire game.
 C = Kills by friends in this place as a percentage of kills by friends in the entire game.
 D = Other kills in this place as a percentage of other kills in the entire game.
 E = Experience gained in this place as a percentage of experience gained in the entire game.
 F = Experience gained in this place divided by the number of levels of this place that you have seen.
                   A       B       C       D       E      F
               +-------+-------+-------+-------+-------+----------------------
         Total | 100.0 | 100.0 | 100.0 | 100.0 | 100.0 | 985.8
       Dungeon |  97.3 |  97.5 | 100.0 |  90.0 |  89.0 | 1052.5
          Lair |   2.7 |   2.5 |   0.0 |  10.0 |  11.0 | 1304.0
               +-------+-------+-------+-------+-------+----------------------

Table legend: (Time is in decaauts)
 A = Elapsed time spent in this place.
 B = Non-inter-level travel time spent in this place.
 C = Inter-level travel time spent in this place.
 D = Time resting spent in this place.
 E = Time spent auto-exploring this place.
 F = Levels seen in this place.
 G = Mean time per level.
                   A        B        C        D        E       F      G
               +--------+--------+--------+--------+--------+-----+--------+
         Total |  12891 |  12588 |    303 |   4100 |   6552 |  12 | 1074.2 |
       Dungeon |  12439 |  12136 |    303 |   3886 |   6405 |  10 | 1243.9 |
          Lair |    435 |    435 |      0 |    214 |    147 |   1 |  435.0 |
         Abyss |     16 |     16 |      0 |      0 |      0 |   1 |   16.0 |
               +--------+--------+--------+--------+--------+-----+--------+

Top non-repeatable levels by time:
     D:5: 2115 daAuts
     D:6: 1807 daAuts
     D:7: 1598 daAuts
     D:9: 1459 daAuts
     D:1: 1432 daAuts
     D:8: 1189 daAuts
     D:2: 1008 daAuts
     D:3: 926 daAuts
     D:4: 878 daAuts
  Lair:1: 435 daAuts
    D:10: 24 daAuts
 Abyss:1: 16 daAuts
